 Dungeon Crawl Stone Soup version 0.28.0 (webtiles) character file.

Game seed: 6632795065216376841

37 hawla the Conjurer (level 3, -12/26 HPs)
             Began as a Draconian Conjurer on Feb 18, 2022.
             Mangled by an ogre (27 damage)
             ... on level 2 of the Dungeon.
             The game lasted 00:04:13 (1889 turns).

hawla the Conjurer (Draconian Conjurer)             Turns: 1889, Time: 00:04:14

Health: -12/26     AC:  6    Str:  9    XL:     3   Next: 21%
Magic:  6/6        EV: 12    Int: 20    God:
Gold:   30         SH:  0    Dex:  9    Spells: 3/6 levels left

rFire   . . .      SeeInvis .   a - +2 short sword (venom)
rCold   . . .      Faith    .   (no shield)
rNeg    . . .      Spirit   .   (armour unavailable)
rPois   .          Reflect  .   (helmet restricted)
rElec   .          Harm     .   (no cloak)
rCorr   .          Rampage  .   b - +0 pair of gloves
Will    .....                   (no boots)
Stlth   ++........              (no amulet)
HPRegen 0.08/turn               (no ring)
MPRegen 0.10/turn               (no ring)

@: no status effects
A: AC +5, unfitting armour, cold-blooded
a: no special abilities


You were on level 2 of the Dungeon.
You visited 1 branch of the dungeon, and saw 2 of its levels.

You collected 30 gold pieces.

Inventory:

Hand Weapons
 a - a +2 short sword of venom (weapon)
Missiles
 d - 2 boomerangs
Armour
 b - a +0 pair of gloves (worn)
Scrolls
 f - a scroll of enchant armour {unknown}
Potions
 c - 2 potions of berserk rage {unknown}
 e - a potion of invisibility {unknown}


   Skills:
 + Level 0.1 Short Blades
 + Level 1.8 Dodging
 + Level 1.9 Stealth
 + Level 2.3 Spellcasting
 + Level 4.7 Conjurations


You had 3 spell levels left.
You knew the following spells:

 Your Spells              Type           Power      Damage    Failure   Level
a - Magic Dart            Conj           84%        1d7       2%          1
b - Searing Ray           Conj           42%        2d6       3%          2

Your spell library contained the following spells:

 Spells                   Type           Power      Damage    Failure   Level
 Dazzling Flash           Conj/Hex       22%        N/A       17%         3
 Confusing Touch          Hex            2%         N/A       43%         3
 Summon Guardian Golem    Hex/Summ       2%         N/A       43%         3
 Fulminant Prism          Conj/Hex       5%         3d7       50%         4
 Iskenderun's Mystic Bla  Conj/Tloc      11%        2d4       50%         4
 Yara's Violent Unravell  Hex/Tmut       1%         3d3       99%         5
 Enfeeble                 Hex            1%         N/A       100%        7
 Orb of Destruction       Conj           10%        9d6       100%        7
 Spellforged Servitor     Conj/Summ      5%         N/A       100%        7


Dungeon Overview and Level Annotations

Branches:
Dungeon (2/15)

Altars:


Innate Abilities, Weirdness & Mutations

Your plain brown scales are hard. (AC +5)
You cannot fit into any form of body armour.
You are cold-blooded and may be slowed by cold attacks.


Message History

(Press . to maintain the ray.)
d - 2 boomerangs
f - a scroll labelled VOAPTO DUAD
Found a flail.
Found 11 stones.
You see here 11 stones.
Found a stone staircase leading down.
A ball python comes into view.
Casting: Searing Ray (safe; 3% risk of failure)
Confirm with . or Enter, or press ? or * to list all spells.
Aiming: Searing Ray (safe; 3% risk of failure)
Press: ? - help, Shift-Dir - straight line, f - ball python
Aim: a ball python (75% to hit)
The searing ray hits the ball python!
You kill the ball python! (Press . to maintain the ray.)
A hobgoblin comes into view.
A hobgoblin is nearby!
A hobgoblin is nearby!
A hobgoblin is nearby!
The hobgoblin shouts!
You closely miss the hobgoblin. You tail-slap the hobgoblin.
The hobgoblin is heavily wounded.
The hobgoblin misses you.
You hit the hobgoblin.
You kill the hobgoblin!
No target in view!
No target in view!
An ogre comes into view. It is wielding a +0 giant club.
The ogre shouts!
An ogre is nearby!
An ogre is nearby!
An ogre is nearby!
An ogre is nearby!
You barely miss the ogre. The ogre hits you with a +0 giant club!
You hit the ogre.
The ogre is poisoned.
The ogre is moderately wounded.
The ogre hits you with a +0 giant club!!
Ouch! That really hurt!
You die...

..# #.# ##..## ..#.#
#..# .. ####..##
....###......#
#..........#
#####@###..### #O#
#....# #.# ##.#.# #.#
#.#.# #.####.#.#
#......#.# ####.###.#
.####...##.########.
..'..................


You could see an ogre (very poisoned).

Vanquished Creatures
  A dart slug (D:1)
  7 endoplasms
  A giant cockroach (D:1)
  A goblin (D:1)
  5 hobgoblins
  4 kobolds (D:1)
  2 quokkas (D:1)
  6 ball pythons
  2 bats (D:1)
  2 rats (D:1)
31 creatures vanquished.

Notes
Turn   | Place    | Note
-------+----------+-------------------------------------------
     0 | D:1      | hawla the Draconian Conjurer began the quest for the Orb.
     0 | D:1      | Reached XP level 1. HP: 14/14 MP: 3/3
   246 | D:1      | Reached XP level 2. HP: 19/20 MP: 0/5
   249 | D:1      | Learned a level 2 spell: Searing Ray
  1038 | D:1      | Found a faded altar of an unknown god.
  1186 | D:1      | Reached XP level 3. HP: 14/26 MP: 3/6
  1886 | D:2      | Noticed an ogre
  1889 | D:2      | Mangled by an ogre

Illustrated notes

Levels and vault maps discovered:
D:1:      dpeg_arrival_boxes_within_box, layout_loops_corners,
          shapermc_ecumenical_altar_acropolis
D:2:      layout_loops_corners

Action                   || total
-------------------------++-------
Melee: Short sword       ||    18
       Tailslap          ||     2
 Cast: Magic Dart        ||    17
       Searing Ray       ||    16
  Use: Scroll            ||     2
Armor: Skin              ||     6
Dodge: Dodged            ||    17
